| TOP OF THE 1ST |
|
Baltimore Orioles batting - Pitching for Seattle Mariners : LHP Tommy John
|
|
Pitching: LHP Tommy John
|
|
|
Batting: SHB Willie McGee
|
0-0: Fly out, F4 (Flyball, 34D, EV 77.5 MPH)
|
|
Batting: SHB Johnny Ray
|
0-0: Called Strike 0-1: TRIPLE (Flyball, 89XD, EV 105.0 MPH)
|
|
Batting: SHB Steve R Ontiveros
|
0-0: Ball 1-0: Swinging Strike 1-1: Ball 2-1: Swinging Strike 2-2: Strikes out swinging
|
|
Batting: RHB Dwight Evans
|
0-0: Ball 1-0: Fly out, F7 (Line Drive, 7D, EV 92.5 MPH)
|
| Top of the 1st over - 0 runs, 1 hit, 0 errors, 1 left on base; Baltimore 0 - Seattle 0 |
| BOTTOM OF THE 1ST |
|
Seattle Mariners batting - Pitching for Baltimore Orioles : RHP Jim Clancy
|
|
Pitching: RHP Jim Clancy
|
|
|
Batting: SHB Miguel Dilone
|
0-0: Foul Ball, location: 2F 0-1: Foul Ball, location: 2F 0-2: Ball 1-2: Foul Ball, location: 2F 1-2: Fly out, F4 (Flyball, 34D, EV 89.4 MPH)
|
|
Batting: LHB Jose Perales
|
0-0: Fly out, F9 (Flyball, 89M, EV 88.1 MPH)
|
|
Batting: RHB Robin Yount
|
0-0: Ball 1-0: Foul Ball, location: 2F 1-1: Ball 2-1: Fly out, F8 (Line Drive, 8RM, EV 100.6 MPH)
|
| Bottom of the 1st over - 0 runs, 0 hits, 0 errors, 0 left on base; Baltimore 0 - Seattle 0 |
| TOP OF THE 2ND |
|
Baltimore Orioles batting - Pitching for Seattle Mariners : LHP Tommy John
|
|
Batting: RHB Ron Cey
|
0-0: SINGLE (Groundball, 34D, EV 94.4 MPH)
|
|
Batting: RHB Matt Rice
|
0-0: Foul Ball, location: 2F 0-1: Foul Ball, location: 2F 0-2: Ball 1-2: Ball 2-2: Strikes out swinging
|
|
Batting: RHB Mark Brouhard
|
0-0: Ball 1-0: Ball 2-0: Foul Ball, location: 2F 2-1: Foul Ball, location: 2F 2-2: Foul Ball, location: 2F 2-2: Grounds into double play, 6-4-3 (Groundball, 6, EV 86.9 MPH)
|
| Top of the 2nd over - 0 runs, 1 hit, 0 errors, 0 left on base; Baltimore 0 - Seattle 0 |
| BOTTOM OF THE 2ND |
|
Seattle Mariners batting - Pitching for Baltimore Orioles : RHP Jim Clancy
|
|
Batting: LHB Don Mattingly
|
0-0: SINGLE (Groundball, 4MD, EV 98.1 MPH)
|
|
Batting: LHB Mike Stenhouse
|
0-0: Foul Ball, location: 2F 0-1: Ball 1-1: Ball 2-1: Fielders Choice at 2nd, 6-4 (Groundball, 6M, EV 85.6 MPH)
|
|
Batting: RHB Tony Conigliaro
|
0-0: Ball 1-0: Fly out, F9 (Line Drive, 9, EV 90.6 MPH)
|
|
Batting: RHB Juan DeLiza
|
0-0: Ball 1-0: Reached on error, E5 (Groundball, 56S, EV 83.8 MPH) Mike Stenhouse to second
|
|
Batting: RHB Ken Reitz
|
0-0: Ball 1-0: Ball 2-0: Foul Ball, location: 2F 2-1: Single, Error in OF, E8, batter to second base (Line Drive, 89M, EV 105.6 MPH) Mike Stenhouse scores Juan DeLiza to third
|
|
Batting: RHB Kurt Cunningham
|
0-0: Called Strike 0-1: Ground out 5-3 (Groundball, 56, EV 103.8 MPH)
|
| Bottom of the 2nd over - 1 run, 2 hits, 2 errors, 2 left on base; Baltimore 0 - Seattle 1 |
| TOP OF THE 3RD |
|
Baltimore Orioles batting - Pitching for Seattle Mariners : LHP Tommy John
|
|
Batting: RHB Garth Iorg
|
0-0: Ball 1-0: Swinging Strike 1-1: Ball 2-1: Called Strike 2-2: SINGLE (Line Drive, 8RS, EV 91.3 MPH)
|
|
Batting: RHB Jim Sundberg
|
0-0: Ball 1-0: Called Strike 1-1: Ball 2-1: Sac Bunt to P - play at first, batter OUT! 1-3 Garth Iorg to second
|
|
Batting: SHB Willie McGee
|
0-0: Ball Garth Iorg steals 3rd base 1-0: Ground out U3 (Groundball, 34, EV 84.4 MPH) Garth Iorg scores
|
|
Batting: SHB Johnny Ray
|
0-0: Ball 1-0: Ball 2-0: Fly out, F7 (Line Drive, 7D, EV 91.3 MPH)
|
| Top of the 3rd over - 1 run, 1 hit, 0 errors, 0 left on base; Baltimore 1 - Seattle 1 |
| BOTTOM OF THE 3RD |
|
Seattle Mariners batting - Pitching for Baltimore Orioles : RHP Jim Clancy
|
|
Batting: SHB Miguel Dilone
|
0-0: Foul Ball, location: 2F 0-1: Ground out 4-3 (Groundball, 4, EV 90.0 MPH)
|
|
Batting: LHB Jose Perales
|
0-0: Ground out 6-3 (Groundball, 6, EV 83.8 MPH)
|
|
Batting: RHB Robin Yount
|
0-0: Called Strike 0-1: Swinging Strike 0-2: Ball 1-2: Strikes out swinging
|
| Bottom of the 3rd over - 0 runs, 0 hits, 0 errors, 0 left on base; Baltimore 1 - Seattle 1 |
| TOP OF THE 4TH |
|
Baltimore Orioles batting - Pitching for Seattle Mariners : LHP Tommy John
|
|
Batting: SHB Steve R Ontiveros
|
0-0: Called Strike 0-1: Swinging Strike 0-2: SINGLE (Groundball, 5S, EV 66.3 MPH) (infield hit)
|
|
Batting: RHB Dwight Evans
|
0-0: Ball 1-0: Called Strike 1-1: Called Strike 1-2: Foul Ball, location: 2F 1-2: Ball 2-2: Grounds into double play, 5-4-3 (Groundball, 56S, EV 94.4 MPH)
|
|
Batting: RHB Ron Cey
|
0-0: Ball 1-0: Ball 2-0: Fly out, F7 (Line Drive, 7, EV 96.3 MPH)
|
| Top of the 4th over - 0 runs, 1 hit, 0 errors, 0 left on base; Baltimore 1 - Seattle 1 |
| BOTTOM OF THE 4TH |
|
Seattle Mariners batting - Pitching for Baltimore Orioles : RHP Jim Clancy
|
|
Batting: LHB Don Mattingly
|
0-0: Ball 1-0: Ball 2-0: SINGLE (Line Drive, 7S, EV 105.0 MPH)
|
|
Batting: LHB Mike Stenhouse
|
0-0: Called Strike 0-1: SINGLE (Line Drive, 7LS, EV 94.4 MPH) Don Mattingly to second
|
|
Batting: RHB Tony Conigliaro
|
0-0: Called Strike 0-1: Swinging Strike 0-2: Ball 1-2: Foul Ball, location: 2F 1-2: Fly out, F7 (Flyball, 78S, EV 71.9 MPH)
|
|
Batting: RHB Juan DeLiza
|
0-0: Ball 1-0: Ball 2-0: Foul Ball, location: 2F 2-1: Ball 3-1: Called Strike 3-2: Base on Balls Don Mattingly to third Mike Stenhouse to second
|
|
Batting: RHB Ken Reitz
|
0-0: Swinging Strike 0-1: Ball 1-1: DOUBLE (Line Drive, 7LS, EV 95.0 MPH) Don Mattingly scores Mike Stenhouse scores Juan DeLiza to third Runner from 3rd tries for Home, SAFE, no throw by LF
|
|
Batting: RHB Kurt Cunningham
|
0-0: Ball 1-0: 2-RUN HOME RUN (Flyball, 9D, EV 97.5 MPH), Distance : 378 ft
|
|
Batting: SHB Miguel Dilone
|
0-0: Foul Ball, location: 2F 0-1: Called Strike 0-2: Foul Ball, location: 2F 0-2: Fly out, F9 (Line Drive, 9, EV 96.9 MPH)
|
|
Batting: LHB Jose Perales
|
0-0: Called Strike 0-1: Foul Ball, location: 2F 0-2: Fly out, F8 (Line Drive, 8LM, EV 95.6 MPH)
|
| Bottom of the 4th over - 5 runs, 4 hits, 0 errors, 0 left on base; Baltimore 1 - Seattle 6 |
| TOP OF THE 5TH |
|
Baltimore Orioles batting - Pitching for Seattle Mariners : LHP Tommy John
|
|
Batting: RHB Matt Rice
|
0-0: Ground out 6-3 (Groundball, 6, EV 90.6 MPH)
|
|
Batting: RHB Mark Brouhard
|
0-0: Called Strike 0-1: Ground out 5-3 (Groundball, 5, EV 85.0 MPH)
|
|
Batting: RHB Garth Iorg
|
0-0: Ball 1-0: Fly out, F7 (Line Drive, 7, EV 93.1 MPH)
|
| Top of the 5th over - 0 runs, 0 hits, 0 errors, 0 left on base; Baltimore 1 - Seattle 6 |
| BOTTOM OF THE 5TH |
|
Seattle Mariners batting - Pitching for Baltimore Orioles : RHP Jim Clancy
|
|
Batting: RHB Robin Yount
|
0-0: Ball 1-0: Called Strike 1-1: DOUBLE (Line Drive, 9LD, EV 108.1 MPH)
|
|
Pitching: RHP John Howell
|
|
|
Batting: LHB Don Mattingly
|
0-0: Ground out 4-3 (Groundball, 4, EV 101.3 MPH) Robin Yount to third
|
|
Batting: LHB Mike Stenhouse
|
0-0: Called Strike 0-1: Ball 1-1: Fly out, F8 (Flyball, 78S, EV 87.5 MPH)
|
|
Batting: RHB Tony Conigliaro
|
0-0: Ball 1-0: Fly out, F8 (Flyball, 8RXD, EV 93.1 MPH)
|
| Bottom of the 5th over - 0 runs, 1 hit, 0 errors, 1 left on base; Baltimore 1 - Seattle 6 |
| TOP OF THE 6TH |
|
Baltimore Orioles batting - Pitching for Seattle Mariners : LHP Tommy John
|
|
Batting: RHB Jim Sundberg
|
0-0: Ball 1-0: Ball 2-0: Foul Ball, location: 2F 2-1: Foul Ball, location: 2F 2-2: Ground out 2-3 (Groundball, 13S, EV 68.1 MPH)
|
|
Batting: SHB Willie McGee
|
0-0: Ground out 6-3 (Groundball, 6S, EV 71.3 MPH)
|
|
Batting: SHB Johnny Ray
|
0-0: Swinging Strike 0-1: Foul Ball, location: 2F 0-2: Foul Ball, location: 2F 0-2: Foul Ball, location: 2F 0-2: Foul Ball, location: 2F 0-2: Ball 1-2: Fly out, F9 (Line Drive, 9, EV 93.1 MPH)
|
| Top of the 6th over - 0 runs, 0 hits, 0 errors, 0 left on base; Baltimore 1 - Seattle 6 |
| BOTTOM OF THE 6TH |
|
Seattle Mariners batting - Pitching for Baltimore Orioles : RHP John Howell
|
|
Batting: RHB Juan DeLiza
|
0-0: Ground out 6-3 (Groundball, 6, EV 90.6 MPH)
|
|
Batting: RHB Ken Reitz
|
0-0: Called Strike 0-1: Ball 1-1: Foul Ball, location: 2F 1-2: Strikes out looking
|
|
Batting: RHB Kurt Cunningham
|
0-0: Ball 1-0: Foul Ball, location: 2F 1-1: Ball 2-1: Foul Ball, location: 2F 2-2: Strikes out swinging
|
| Bottom of the 6th over - 0 runs, 0 hits, 0 errors, 0 left on base; Baltimore 1 - Seattle 6 |
| TOP OF THE 7TH |
|
Baltimore Orioles batting - Pitching for Seattle Mariners : LHP Tommy John
|
|
Batting: SHB Steve R Ontiveros
|
0-0: Foul Ball, location: 2F 0-1: Ball 1-1: Foul Ball, location: 2F 1-2: Ball 2-2: Ground out 6-3 (Groundball, 6, EV 84.4 MPH)
|
|
Batting: RHB Dwight Evans
|
0-0: Foul Ball, location: 2F 0-1: Ball 1-1: Called Strike 1-2: SINGLE (Flyball, 56D, EV 85.0 MPH)
|
|
Batting: RHB Ron Cey
|
0-0: Ball 1-0: Foul Ball, location: 2F Pickoff Throw to First - Out! 1-3 1-1: Foul Ball, location: 2F 1-2: Fly out, F9 (Flyball, 9LS, EV 85.6 MPH)
|
| Top of the 7th over - 0 runs, 1 hit, 0 errors, 0 left on base; Baltimore 1 - Seattle 6 |
| BOTTOM OF THE 7TH |
|
Seattle Mariners batting - Pitching for Baltimore Orioles : RHP John Howell
|
|
Batting: SHB Miguel Dilone
|
0-0: Called Strike 0-1: Ball 1-1: Swinging Strike 1-2: Ball 2-2: Ground out 4-3 (Groundball, 4, EV 91.9 MPH)
|
|
Batting: LHB Jose Perales
|
0-0: Ball 1-0: DOUBLE (Line Drive, 78M, EV 110.0 MPH)
|
|
Batting: RHB Robin Yount
|
0-0: Ball Jose Perales steals 3rd base 1-0: Called Strike 1-1: Foul Ball, location: 2F 1-2: Ground out 5-3 (Groundball, 56, EV 88.1 MPH) Jose Perales scores
|
|
Batting: LHB Don Mattingly
|
0-0: SINGLE (Groundball, 4MD, EV 107.5 MPH)
|
|
Batting: LHB Mike Stenhouse
|
0-0: Swinging Strike 0-1: Foul Ball, location: 2F 0-2: Ball 1-2: Foul Ball, location: 2F 1-2: Ball 2-2: Foul Ball, location: 2F 2-2: Ball 3-2: Base on Balls Don Mattingly to second
|
|
Batting: RHB Tony Conigliaro
|
0-0: Ball 1-0: 3-RUN HOME RUN (Flyball, 78XD, EV 103.8 MPH), Distance : 404 ft
|
|
Batting: RHB Juan DeLiza
|
0-0: Fly out, F3 (Flyball, 3D, EV 86.9 MPH)
|
| Bottom of the 7th over - 4 runs, 3 hits, 0 errors, 0 left on base; Baltimore 1 - Seattle 10 |
| TOP OF THE 8TH |
|
Baltimore Orioles batting - Pitching for Seattle Mariners : LHP Tommy John
|
|
Batting: RHB Matt Rice
|
0-0: Hit by Pitch
|
|
Batting: RHB Mark Brouhard
|
0-0: Ball 1-0: Foul Ball, location: 2F 1-1: SINGLE (Line Drive, 56, EV 94.4 MPH) Matt Rice to second
|
|
Batting: RHB Garth Iorg
|
0-0: Foul Ball, location: 2F 0-1: Foul Ball, location: 2F 0-2: Foul Ball, location: 2F 0-2: SINGLE (Flyball, 9S, EV 88.8 MPH) Matt Rice to third Mark Brouhard to second Runner from 3rd tries for Home, SAFE, throw by RF to home
|
|
Batting: RHB Jim Sundberg
|
0-0: SINGLE (Groundball, 6MD, EV 105.6 MPH) Mark Brouhard to third Garth Iorg to second Runner from 3rd tries for Home, SAFE, throw by CF to home
|
|
Batting: SHB Willie McGee
|
0-0: Fly out, F9 (Flyball, 9D, EV 110.0 MPH) Runner from 2nd tags up, SAFE at 3rd, no throw by RF
|
|
Batting: SHB Johnny Ray
|
0-0: Fly out, F4 (Line Drive, 4, EV 73.1 MPH)
|
|
Batting: SHB Steve R Ontiveros
|
0-0: Called Strike 0-1: Ball 1-1: Called Strike 1-2: Ball 2-2: Fielders Choice at 2nd, U4 (Groundball, 4M, EV 85.6 MPH)
|
| Top of the 8th over - 2 runs, 3 hits, 0 errors, 2 left on base; Baltimore 3 - Seattle 10 |
| BOTTOM OF THE 8TH |
|
Seattle Mariners batting - Pitching for Baltimore Orioles : RHP John Howell
|
|
Batting: RHB Ken Reitz
|
0-0: Ball 1-0: Fly out, F9 (Flyball, 89M, EV 85.6 MPH)
|
|
Batting: RHB Kurt Cunningham
|
0-0: Ball 1-0: Ball 2-0: Ball 3-0: Base on Balls
|
|
Pitching: RHP Jim M Hughes
|
|
|
Batting: SHB Miguel Dilone
|
0-0: Ball 1-0: Ball 2-0: Ball 3-0: Base on Balls Kurt Cunningham to second
|
|
Batting: LHB Jose Perales
|
0-0: Called Strike 0-1: Ball 1-1: Ball 2-1: Foul Ball, location: 2F 2-2: Ball 3-2: Foul Ball, location: 2F 3-2: Fly out, F8 (Flyball, 78D, EV 95.6 MPH)
|
|
Batting: RHB Robin Yount
|
0-0: Fly out, F8 (Flyball, 8RXD, EV 100.6 MPH)
|
| Bottom of the 8th over - 0 runs, 0 hits, 0 errors, 2 left on base; Baltimore 3 - Seattle 10 |
| TOP OF THE 9TH |
|
Baltimore Orioles batting - Pitching for Seattle Mariners : LHP Tommy John
|
|
Batting: RHB Dwight Evans
|
0-0: Foul Ball, location: 2F 0-1: Ball 1-1: Called Strike 1-2: Ground out 6-3 (Groundball, 56D, EV 104.4 MPH)
|
|
Batting: RHB Ron Cey
|
0-0: Called Strike 0-1: Ball 1-1: Foul Ball, location: 2F 1-2: Foul Ball, location: 2F 1-2: Foul Ball, location: 2F 1-2: SINGLE (Line Drive, 8RS, EV 88.8 MPH)
|
|
Batting: RHB Matt Rice
|
0-0: Fly out, F4 (Line Drive, 4, EV 72.5 MPH)
|
|
Batting: RHB Mark Brouhard
|
0-0: Fielders Choice at 2nd, U4 (Groundball, 4M, EV 96.9 MPH)
|
| Top of the 9th over - 0 runs, 1 hit, 0 errors, 1 left on base; Baltimore 3 - Seattle 10 |
|